 Dungeon Crawl Stone Soup version 0.30.1-4-g462c640d31 (webtiles) character file.

Game seed: 5915885401696419411

26 safid the Chiller (level 3, 0/26 HPs)
             Began as a Merfolk Ice Elementalist on Sept 5, 2023.
             Killed by nerve-wracking pain
             ... invoked by Jessica
              (10 damage)
             ... on level 2 of the Dungeon.
             The game lasted 00:01:13 (865 turns).

safid the Chiller (Merfolk Ice Elementalist)         Turns: 865, Time: 00:01:14

Health: 0/26       AC:  4    Str:  8    XL:     3   Next: 8%
Magic:  5/6        EV: 12    Int: 16    God:
Gold:   47         SH:  0    Dex: 14    Spells: 5/6 levels left

rFire   . . .        k - +0 dagger
rCold   . . .        (no shield)
rNeg    . . .        a - +0 robe
rPois   .            (no helmet)
rElec   .            e - +0 cloak
rCorr   .            (no gloves)
SInv    +            j - +0 pair of boots
Will    .....        (no amulet)
Stlth   ++           i - ring of see invisible
HPRegen 0.24/turn    (no ring)
MPRegen 0.10/turn

%: no passive effects
@: no status effects
A: (nimble swimmer 2), mertail
a: no special abilities


You were on level 2 of the Dungeon.
You visited 1 branch of the dungeon, and saw 2 of its levels.

You collected 47 gold pieces.

Inventory:

Hand Weapons
 k - a +0 dagger (weapon)
Armour
 a - a +0 robe (worn)
 e - a +0 cloak (worn)
 j - a +0 pair of boots (worn)
Jewellery
 i - a ring of see invisible (left hand)
Scrolls
 c - a scroll of immolation {unknown}
 d - 2 scrolls of identify {unknown}
 f - a scroll of teleportation {unknown}
Potions
 g - a potion of attraction {unknown}
 h - a potion of degeneration {unknown}


   Skills:
 + Level 1.4 Fighting
 - Level 2.6 Dodging
 - Level 2.1 Stealth
 + Level 2.4 Spellcasting
 + Level 4.8 Ice Magic


You had 5 spell levels left.
You knew the following spells:

 Your Spells              Type           Power      Damage    Failure   Level
a - Freeze                Ice            68%        1d8       2%          1

Your spell library contained the following spells:

 Spells                   Type           Power      Damage    Failure   Level
 Frozen Ramparts          Ice            34%        1d6       9%          3
 Ozocubu's Armour         Ice            17%        N/A       9%          3
 Summon Ice Beast         Ice/Summ       9%         N/A       58%         4
 Ozocubu's Refrigeration  Ice            8%         4d9       100%        7


Dungeon Overview and Level Annotations

Branches:
Dungeon (2/15)

Altars:

Annotations:
D:2 Jessica


Innate Abilities, Weirdness & Mutations

((You are very nimble when in or above water. (Stealth+, EV+, Speed+++)))
Your lower body shifts to a powerful aquatic tail in water.


Message History

Press: ? - help, Shift-Dir - straight line, f/p - adder
Aim: an adder (severely wounded, slow)
You freeze the adder.
The adder is almost dead.
The adder seems to slow down.
You feel sick.
Jessica casts a spell.
Jessica blinks!
The adder closely misses you. The hobgoblin closely misses you.
Casting: Freeze (safe; 3% risk of failure)
Confirm with . or Enter, or press ? or * to list all spells.
Aiming: Freeze (safe; 3% risk of failure)
Press: ? - help, Shift-Dir - straight line, f/p - adder
Aim: an adder (almost dead, slow)
You freeze the adder.
You kill the adder!
You feel sick.
You are no longer poisoned.
The hobgoblin hits you.
You have reached level 3!
Your experience leads to an increase in your attributes!
Increase (S)trength, (I)ntelligence, or (D)exterity?
You feel clever. x2
Unknown command.
You hit the hobgoblin.
You kill the hobgoblin!
Unknown command.
Jessica points at you and mumbles some strange words.
Pain shoots through your body!
Your magical contamination has completely faded away.
Magic courses through your body.
Jessica looks very angry.
Casting: Freeze (safe; 2% risk of failure)
Confirm with . or Enter, or press ? or * to list all spells.
Aiming: Freeze (safe; 2% risk of failure)
Press: ? - help, Shift-Dir - straight line, f - Jessica
Aim: Jessica, wielding a +0 club and wearing a +1 robe of the Archmagi (fast)
You freeze Jessica.
Jessica is heavily wounded.
Jessica points at you and mumbles some strange words.
Pain shoots through your body!
You die...

#.# #.#
#.####
#.####....#
#....<...?#
########..#
#..# #..#
###.@#
#...@#
#.#.#...#
#.#$†###....
# #.## ##
.## . .. .#


You could see Jessica (fast).

Vanquished Creatures
  An adder (D:2)
  A dart slug (D:1)
  A bat (D:1)
  2 endoplasms (D:1)
  2 goblins (D:1)
  2 hobgoblins
  3 ball pythons
  2 frilled lizards (D:1)
  2 rats (D:1)
16 creatures vanquished.

Notes
Turn   | Place    | Note
-------+----------+-------------------------------------------
     0 | D:1      | safid the Merfolk Ice Elementalist began the quest for the
                  | Orb.
     0 | D:1      | Reached XP level 1. HP: 13/13 MP: 3/3
   288 | D:1      | Reached XP level 2. HP: 20/20 MP: 3/5
   401 | D:1      | Reached skill level 1 in Fighting
   850 | D:2      | Noticed Jessica
   861 | D:2      | Reached XP level 3. HP: 12/26 MP: 0/6
   865 | D:2      | Killed from afar by Jessica

Illustrated notes

Levels and vault maps discovered:
D:1:      dpeg_arrival_line_fractal, layout_rooms, hangedman_decor_growths,
          skrybe_limestone_x, minmay_misc_feat_roman
D:2:      layout_loops_ring, dreamdust_ecumenical_altar_sealed_demon,
          uniq_jessica, uniq_terence

Skill      XL: |  1  2 |
---------------+-------+-----
Fighting       | 1 |  1.4
Dodging        | |  2.6
Stealth        | |  2.1
Spellcasting   | |  2.4
Ice Magic      | |  4.8

Action                     || total
---------------------------++-------
  Melee: Unarmed           ||     4
         Dagger            ||     7
   Cast: Freeze            ||    28
    Use: Potion            ||     1
 Armour: Robe              ||    10
  Dodge: Dodged            ||    24
